 Dungeon Crawl Stone Soup version 0.22.0-16-gc6d26f69f9 (webtiles) character file.

139 Htamos the Stinger (level 5, -10/42 HPs)
             Began as a Naga Venom Mage on Aug 18, 2018.
             Was an Initiate of Nemelex Xobeh.
             Killed from afar by an orc wizard (11 damage)
             ... with a puff of flame
             ... on level 3 of the Dungeon.
             The game lasted 00:05:10 (3123 turns).

Htamos the Stinger (Naga Venom Mage)                Turns: 3123, Time: 00:05:10

Health: -10/42     AC:  3    Str: 10    XL:     5   Next: 22%
Magic:  1/8        EV: 10    Int: 17    God:    Nemelex Xobeh [......]
Gold:   99         SH:  0    Dex: 11    Spells: 6/9 levels left

rFire    . . .     SeeInvis +   g - +0 dagger
rCold    . . .     Gourm    .   (no shield)
rNeg     . . .     Faith    .   a - +0 robe
rPois    +         Spirit   .   (no helmet)
rElec    .         Reflect  .   (no cloak)
rCorr    .         Harm     .   j - +0 pair of gloves
MR       .....                  (no barding)
Stlth    ++........             (no amulet)
HPRegen  0.14/turn              b - ring of wizardry
MPRegen  0.11/turn              (no ring)

@: lethally poisoned (-10 -> -11), very slow
A: large, see invisible, deformed body, poison resistance, slowness 2, slow
metabolism 1, spit poison 1, AC +1
a: Spit Poison, Renounce Religion


You were on level 3 of the Dungeon.
You worshipped Nemelex Xobeh.
Nemelex Xobeh was noncommittal.
You were not hungry.

You visited 1 branch of the dungeon, and saw 3 of its levels.

You collected 99 gold pieces.

Inventory:

Hand Weapons
 g - a +0 dagger (weapon)
 n - a +0 spear
Armour
 a - a +0 robe (worn)
 j - a +0 pair of gloves (worn)
 k - a cursed +0 leather armour
Jewellery
 b - a ring of wizardry (left hand)
 o - an uncursed amulet of faith {unknown}
Wands
 w - a wand of enslavement (15)
Scrolls
 d - a scroll of amnesia {unknown}
 f - a scroll of random uselessness {unknown}
 h - 2 scrolls of fear {unknown}
 i - a scroll of remove curse {unknown}
 l - a scroll of fog {unknown}
 p - a scroll of enchant weapon {unknown}
 u - a scroll of noise {unknown}
 y - a scroll of enchant armour {unknown}
Potions
 e - a potion of haste {unknown}
 m - 2 potions of brilliance {unknown}
 q - 2 potions of lignification {unknown}
 r - a potion of curing {unknown}
 s - a potion of degeneration {unknown}
 t - a potion of berserk rage {unknown}
 v - a potion of ambrosia {unknown}
Miscellaneous
 x - a plain deck of destruction
Comestibles
 c - 4 rations


   Skills:
 + Level 2.2 Dodging
 + Level 4.2 Stealth
 + Level 2.6 Spellcasting
 + Level 2.0 Conjurations
 * Level 5.4 Poison Magic
 + Level 0.5 Invocations


You had 6 spell levels left.
You knew the following spells:

 Your Spells              Type           Power        Failure   Level  Hunger
a - Sting                 Conj/Pois      ###.         1%          1    #......
b - Poisonous Vapours     Pois/Air       ##....       3%          2    ##.....

Your spell library contained the following spells:

 Spells                   Type           Power        Failure   Level  Hunger
 Mephitic Cloud           Conj/Pois/Air  ##......     8%          3    ###....
 Venom Bolt               Conj/Pois      ###.......   38%         5    ######.
 Olgreb's Toxic Radiance  Pois           ###.....     8%          4    #####..


Dungeon Overview and Level Annotations

Branches:
Dungeon (3/15)

Altars:
Ashenzari
Elyvilon
Makhleb
Nemelex Xobeh
Uskayaw
The Shining One


Innate Abilities, Weirdness & Mutations

You cannot wear boots.
Your serpentine skin is tough. (AC +1)
You have supernaturally acute eyesight. (SInv)
Armour fits poorly on your strangely shaped body.
Your system is resistant to poisons. (rPois)
You cover ground very slowly.
You have a slow metabolism.
You can spit poison.


Message History

The adder bites you.
You hit the adder but do no damage.
The adder is severely wounded.
The adder bites you.
* * * LOW HITPOINT WARNING * * *
You closely miss the adder.
The adder is severely wounded.
The adder closely misses you.
Unknown command.
You hit the adder.
The adder is severely wounded.
The adder bites you.
* * * LOW HITPOINT WARNING * * *
The orc priest mumbles some strange prayers to Beogh against you.
Beogh smites you!
* * * LOW HITPOINT WARNING * * *
The orc wizard gestures at you while chanting.
The puff of flame hits you!
You die...
Your body disappears without a glow.

......... ........#
......... .....S..#
........+ .(......#
...?....#########
##########.........#
.o..oo.@S†.........+
##########.........#
#####.÷#####.##
#.........##.#
#.........##.### #
#<........+....#.#
#.........##.#.#.#
######..^........ ##
#.#.###.#.####


You could see an orc priest, an orc wizard, an adder and an orc.

Vanquished Creatures
  An orc priest (D:3)
  5 adders
  A worm (D:3)
  A dart slug (D:2)
  2 leopard geckos
  An orc (D:3)
  8 bats
  2 giant cockroaches
  5 goblins
  6 hobgoblins
  7 jackals (D:2)
  6 kobolds
  2 quokkas (D:2)
  3 frilled lizards
  5 rats
55 creatures vanquished.

Vanquished Creatures (others)
  An orc (D:3)
1 creature vanquished.

Grand Total: 56 creatures vanquished

Notes
Turn   | Place    | Note
-------+----------+-------------------------------------------
     0 | D:1      | Htamos the Naga Venom Mage began the quest for the Orb.
     0 | D:1      | Reached XP level 1. HP: 15/15 MP: 3/3
   466 | D:1      | Reached XP level 2. HP: 22/22 MP: 3/5
   863 | D:2      | Found a sparkling altar of Nemelex Xobeh.
  1024 | D:2      | Reached XP level 3. HP: 14/28 MP: 0/6
  1728 | D:2      | Found a shattered altar of Ashenzari.
  1758 | D:2      | Found a hide-covered altar of Uskayaw.
  1794 | D:2      | Found a white marble altar of Elyvilon.
  1827 | D:2      | Learned a level 2 spell: Poisonous Vapours
  1915 | D:2      | Found a glowing golden altar of the Shining One.
  1958 | D:2      | Reached XP level 4. HP: 29/36 MP: 0/7
  2227 | D:2      | Reached skill level 5 in Poison Magic
  2452 | D:2      | Found a burning altar of Makhleb.
  2490 | D:2      | Became a worshipper of Nemelex Xobeh the Trickster
  2622 | D:3      | Received a gift from Nemelex Xobeh
  2846 | D:3      | Reached XP level 5. HP: 28/42 MP: 2/8
  3123 | D:3      | HP: 1/42 [orc priest/divine providence (14)]
  3123 | D:3      | Killed from afar by an orc wizard

Skill      XL: |  1  2  3  4 |
---------------+-------------+-----
Dodging        | 2 |  2.2
Poison Magic   | 5 |  5.4
Stealth        | 4 |  4.2
Conjurations   | 2 |  2.0
Spellcasting   | |  2.6
Invocations    | |  0.5

Action                   |  1- 3 |  4- 6 || total
-------------------------+-------+-------++-------
Melee: Unarmed           |    18 |       ||    18
       Dagger            |    82 |    16 ||    98
 Cast: Sting             |    67 |    46 ||   113
Evoke: Wand              |       |     4 ||     4
  Eat: Chunk             |     3 |     3 ||     6
Armor: Robe              |    39 |    10 ||    49
Dodge: Dodged            |    88 |    16 ||   104
